 Dungeon Crawl Stone Soup version 0.28-a0-845-gfc338a8e3c (webtiles) character file.

Game seed: 1308517275852241153

35 croobank the Sneak (level 3, 0/17 HPs)
             Began as a Felid Delver on Nov 12, 2021.
             Was a Follower of Zin.
             Slain by a worm (5 damage)
             ... on level 2 of the Dungeon.
             The game lasted 00:16:21 (1518 turns).

croobank the Sneak (Felid Delver)                   Turns: 1518, Time: 00:16:21

Health: 0/17       AC:  1    Str: 14    XL:     3   Next: 17%
Magic:  4/4        EV: 17    Int: 17    God:    Zin [*.....]
Gold:   28         SH:  0    Dex: 17    Spells: 2/2 levels left
                                        Lives:  0   Deaths: 0

rFire   . . .      SeeInvis +     - Unarmed
rCold   + . .      Faith    .   (shield unavailable)
rNeg    . . .      Spirit   .   (armour unavailable)
rPois   +          Reflect  .   (helmet unavailable)
rElec   .          Harm     .   (cloak unavailable)
rCorr   .          Rampage  .   (gloves unavailable)
Will    .....                   (boots unavailable)
Stlth   ++++......              (no amulet)
HPRegen 0.05/turn               j - +6 ring of intelligence
MPRegen 0.09/turn               g - ring of Accord {Contam Fly rPois rC+ Str+5}

@: flying, quick
A: very small, claws 1, fangs 3, see invisible, speed 1, shaggy fur 1, stealthy
paws, no weapons or thrown items, no armour, multi-lived
a: Renounce Religion, Recite, Donate Gold


You were on level 2 of the Dungeon.
You worshipped Zin.
Zin was aware of your devotion.
You visited 1 branch of the dungeon, and saw 5 of its levels.

You collected 87 gold pieces.
You donated 59 gold pieces to Zin.

Inventory:

Jewellery
 g - the ring of Accord (right paw) {Contam Fly rPois rC+ Str+5}
   (You acquired it on level 1 of the Dungeon)

   [ring of poison resistance]

   Str:       It affects your strength (+5).
   rC:        It protects you from cold.
   rPois:     It protects you from poison.
   Fly:       It grants you flight.
   Contam:    It causes magical contamination when unequipped.
 j - a +6 ring of intelligence (left paw)
Wands
 e - a wand of digging (3)
 f - a wand of acid (10)
Scrolls
 a - 3 scrolls of fog
 b - 2 scrolls of magic mapping
 c - 2 scrolls of fear
 k - a scroll of amnesia {unknown}
 m - a scroll of enchant armour {unknown}
 n - a scroll of identify {unknown}
Potions
 d - a potion of haste
 h - a potion of attraction {unknown}
 l - 3 potions of curing


   Skills:
 + Level 3.1 Fighting
 + Level 2.9 Dodging
 + Level 7.5 Stealth
 + Level 2.3 Unarmed Combat


You had 2 spell levels left.
You didn't know any spells.
Your spell library was empty.

Dungeon Overview and Level Annotations

Branches:
Dungeon (5/15)
 Temple: D:4-7

Altars:
Ru
Zin

Shops:
D:5 *


Innate Abilities, Weirdness & Mutations

You have sharp claws.
You have razor-sharp teeth.
You have supernaturally acute eyesight. (SInv)
You cover ground quickly. (Speed+)
You are covered in fur. (AC +1)
Your paws help you pounce on unaware monsters.
You are incapable of wielding weapons or throwing items.
You cannot wear armour.
You gain extra lives every three experience levels.


Message History

a +0 whip; 3 stones
Okay, then.
A goblin comes into view. It is wielding a +0 dagger.
What are your orders? t - Meow!
Orders for allies: a - Attack new target. r - Retreat! s - Stop attacking. g - Guard the area. f - Follow me.
Anything else - Cancel.
You meow for attention!
The goblin shouts!
The goblin misses you.
You scratch the goblin.
The goblin is severely wounded.
The goblin closely misses you.
You scratch the goblin.
You kill the goblin!
Things that are here:
a +0 dagger; a goblin corpse A worm is nearby!
What are your orders? t - Meow!
Orders for allies: a - Attack new target. r - Retreat! s - Stop attacking. g - Guard the area. f - Follow me.
Anything else - Cancel.
You meow for attention!
The worm bites you!
Ouch! That really hurt!
You scratch the worm.
The worm is lightly wounded.
You scratch the worm.
The worm is heavily wounded.
The worm bites you.
* * * LOW HITPOINT WARNING * * *
You barely miss the worm. You claw the worm, but do no damage.
The worm is moderately wounded.
You scratch the worm but do no damage.
The worm is moderately wounded.
The worm bites you.
You die...

##...###.#.##.#.##..#.##.#.###
#...# ##.#.##.#.#.#.##.#.##
#...# ##.#.##.#.#.##.#.##
#...# ##.#.##.#.##.#.## #)..#
##.#.## ##.#.## #####
##.#.###.#.##. ..
##.#.#.#.###.##. ##.#.#.##
#.##.## ##@#.## #.# ..# ##w##
#.###.## ### #.##...##
#.#..≈(.## ##########...≈≈≈...
..........<#..≈..##
#############...### ##.##.#
#.##)##.#


You could see a worm.

Vanquished Creatures
  A worm (D:2)
  3 dart slugs (D:2)
  2 ball pythons
  An endoplasm (D:2)
  4 goblins
  A hobgoblin (D:2)
  3 kobolds (D:2)
  2 quokkas
  2 bats (D:2)
  A frilled lizard (D:2)
  7 rats
27 creatures vanquished.

Notes
Turn   | Place    | Note
-------+----------+-------------------------------------------
     0 | D:5      | croobank the Felid Delver began the quest for the Orb.
     0 | D:5      | Reached XP level 1. HP: 10/10 MP: 2/2
     3 | D:5      | Found Zin's Purification Station.
     6 | D:5      | Found a glowing silver altar of Zin.
   109 | D:5      | Became a worshipper of Zin the Law-Giver
   261 | D:3      | Noticed a hound
   661 | D:1      | Identified a scroll of acquirement
   661 | D:1      | Acquired the ring of Accord {Contam Fly rPois rC+ Str+5}
   770 | D:1      | Reached skill level 7 in Stealth
   779 | D:1      | You are sucked into a shaft and drop 1 floor!
   785 | D:2      | Reached XP level 2. HP: 14/14 MP: 3/3
   824 | D:2      | Found a sacrificial altar of Ru.
  1153 | D:2      | Reached * piety under Zin
  1154 | D:2      | Donated 30 gold pieces to Zin
  1209 | D:2      | Reached XP level 3. HP: 12/17 MP: 4/4
  1211 | D:2      | Donated 21 gold pieces to Zin
  1518 | D:2      | Slain by a worm

Illustrated notes

Levels and vault maps discovered:
D:1:      kennysheep_arrival_seaside, layout_rooms,
          shapermc_ecumenical_altar_starsandcircs, grunt_decor_junction
D:2:      minmay_inner_zag, layout_basic, basic_altar, amcnicky_mini_pool_small,
          minmay_tiny_reverse_x, uniq_robin
D:3:      layout_basic, grunt_ministairs_6, moated_statue, uniq_jessica
D:4:      layout_loops_ring, minmay_temple_entry_offerings
D:5:      layout_cave_pools, grunt_temple_overflow_lords_of_destruction,
          zin_purify

Skill      XL: |  1 |
---------------+----+-----
Stealth        | 7 |  7.5
Fighting       | |  3.1
Dodging        | |  2.9
Unarmed Combat | |  2.3

Action                   || total
-------------------------++-------
Melee: Unarmed           ||    74
       Bite              ||     6
       Punch             ||     2
Invok: Donate Gold       ||     2
  Use: Scroll            ||     3
       Potion            ||     1
 Stab: Sleeping          ||     3
       Fleeing           ||     1
Armor: Skin              ||     2
Dodge: Dodged            ||    52

Table legend: (Time is in decaauts)
 A = Elapsed time spent in this place.
 B = Non-inter-level travel time spent in this place.
 C = Inter-level travel time spent in this place.
 D = Time resting spent in this place.
 E = Time spent auto-exploring this place.
 F = Levels seen in this place.
 G = Mean time per level.
                   A        B        C        D        E       F      G
               +--------+--------+--------+--------+--------+-----+--------+
         Total |   1373 |   1373 |      0 |    289 |    659 |   5 |  274.6 |
       Dungeon |   1373 |   1373 |      0 |    289 |    659 |   5 |  274.6 |
               +--------+--------+--------+--------+--------+-----+--------+

Top non-repeatable levels by time:
     D:2: 704 daAuts
     D:3: 282 daAuts
     D:1: 186 daAuts
     D:5: 140 daAuts
     D:4: 59 daAuts
